 Dungeon Crawl Stone Soup version 0.29-a0-43-g62a80824bf (webtiles) character file.

Game seed: 5825360076951827044

11 senseless the Scratcher (level 2, 14/14 HPs)
             Began as a Felid Fighter on Feb 2, 2022.
             Was an Initiate of Ru.
             Quit the game on level 1 of the Dungeon.
             The game lasted 00:00:53 (467 turns).

senseless the Scratcher (Felid Fighter)              Turns: 467, Time: 00:00:53

Health: 14/14      AC:  1    Str: 12    XL:     2   Next: 17%
Magic:  3/3        EV: 18    Int:  9    God:    Ru [......]
Gold:   70         SH:  5    Dex: 15    Spells: 1/1 levels left
                                        Lives:  0   Deaths: 0

rFire   . . .      SeeInvis +     - Unarmed
rCold   . . .      Faith    .   (shield unavailable)
rNeg    . . .      Spirit   .   (armour unavailable)
rPois   .          Reflect  +   (helmet unavailable)
rElec   .          Harm     .   (cloak unavailable)
rCorr   .          Rampage  .   (gloves unavailable)
Will    .....                   (boots unavailable)
Stlth   +.........              b - amulet of reflection
HPRegen 0.04/turn               (no ring)
MPRegen 0.08/turn               (no ring)

@: quick
A: very small, claws 1, fangs 3, see invisible, speed 1, shaggy fur 1, stealthy
paws, no weapons or thrown items, no armour, multi-lived
a: Renounce Religion


You were on level 1 of the Dungeon.
You worshipped Ru.
Ru was noncommittal.
You visited 1 branch of the dungeon, and saw 1 of its levels.

You collected 70 gold pieces.

Inventory:

Jewellery
 b - an amulet of reflection (around neck)
Potions
 a - a potion of might


   Skills:
 + Level 3.0 Fighting
 + Level 4.3 Dodging
 + Level 4.3 Unarmed Combat


You had one spell level left.
You didn't know any spells.
Your spell library was empty.

Dungeon Overview and Level Annotations

Branches:
Dungeon (1/15)

Altars:
Ru


Innate Abilities, Weirdness & Mutations

You have sharp claws.
You have razor-sharp teeth.
You have supernaturally acute eyesight. (SInv)
You cover ground quickly. (Speed+)
You are covered in fur. (AC +1)
Your paws help you pounce on unaware monsters.
You are incapable of wielding weapons or throwing items.
You cannot wear armour.
You gain extra lives every three experience levels.


Message History

You claw the bat!
You kill the bat!
No target in view!
An endoplasm comes into view.
You scratch the endoplasm but do no damage.
The endoplasm jiggles.
The endoplasm closely misses you.
You scratch the endoplasm.
The endoplasm is almost dead.
The endoplasm completely misses you.
You scratch the endoplasm but do no damage.
You bite the endoplasm.
You kill the endoplasm!
You have reached level 2!
A bat comes into view.
The bat barely misses you.
You scratch the bat.
You kill the bat!
No target in view!
A giant cockroach comes into view.
You claw the giant cockroach!
You kill the giant cockroach!
No target in view!
A rat comes into view.
A rat is nearby!
You scratch the rat.
You kill the rat!
No target in view!
You see here a rat corpse.
Found a leather armour.
You see here a rat corpse.
You see here a +0 leather armour.
Found a weird glowing staff.
Found a faded altar of an unknown god.
You see here a staff of cold.
There is a faded altar of an unknown god here.
You cannot tell which god this altar belongs to.
Convert to them anyway?
Ru accepts your prayer! Ru welcomes you!
Are you sure you want to abandon this character and quit the game? (Confirm with "yes".)

####.# #.# #.# #.#
#.# #.# ## ### #.#
#.## ##..
#.#######.###.#####..
#........#.#|@......#
##..........#.#######
#.#####.##.#.# #.#
#.##.#.# #.# #.##.#.#
#.# #.##.#.# #.#
#.##.#.# #.# #......#
#. ####.#


There were no monsters in sight!

Vanquished Creatures
  An endoplasm (D:1)
  2 giant cockroaches (D:1)
  A goblin (D:1)
  A hobgoblin (D:1)
  2 bats (D:1)
  2 frilled lizards (D:1)
  3 rats (D:1)
12 creatures vanquished.

Notes
Turn   | Place    | Note
-------+----------+-------------------------------------------
     0 | D:1      | senseless the Felid Fighter began the quest for the Orb.
     0 | D:1      | Reached XP level 1. HP: 10/10 MP: 2/2
   308 | D:1      | Reached XP level 2. HP: 14/14 MP: 3/3
   458 | D:1      | Found a faded altar of an unknown god.
   466 | D:1      | Prayed at the altar of an unknown god.
   466 | D:1      | Became a worshipper of Ru the Awakened
   467 | D:1      | Quit the game

Illustrated notes

Levels and vault maps discovered:
D:1:      nzn_arrival_settlement, layout_loops_ring, basic_ecumenical_altar

Action                   || total
-------------------------++-------
Melee: Unarmed           ||    31
       Bite              ||     3
       Punch             ||     2
 Stab: Sleeping          ||     1
Armor: Skin              ||     2
Dodge: Dodged            ||    13
Block: Other             ||     5

Table legend: (Time is in decaauts)
 A = Elapsed time spent in this place.
 B = Non-inter-level travel time spent in this place.
 C = Inter-level travel time spent in this place.
 D = Time resting spent in this place.
 E = Time spent auto-exploring this place.
 F = Levels seen in this place.
 G = Mean time per level.
                   A        B        C        D        E       F      G
               +--------+--------+--------+--------+--------+-----+--------+
         Total |    400 |    400 |      0 |      0 |    330 |   1 |  400.0 |
       Dungeon |    400 |    400 |      0 |      0 |    330 |   1 |  400.0 |
               +--------+--------+--------+--------+--------+-----+--------+

Top non-repeatable levels by time:
     D:1: 400 daAuts
